 Dungeon Crawl Stone Soup version 0.20.1-1-g8b1a95d (webtiles) character file.

503370 equalderp2856 the Executioner (level 24, -12/195 HPs)
             Began as a Mummy Fighter on Oct 25, 2017.
             Killed from afar by an ancient champion (40 damage)
             ... with an iron shot
             ... on level 3 of the Crypt on Oct 26, 2017.
             The game lasted 08:20:04 (534845 turns).

equalderp2856 the Executioner (Mummy Fighter)     Turns: 534845, Time: 08:20:07

Health: -12/195    AC: 44    Str: 20    XL:     24   Next: 9%
Magic:  0/42       EV:  6    Int: 16    God:
Gold:   1792       SH:  0    Dex: 13    Spells: 40/53 levels left

rFire    + . .     SeeInvis +   r - +4 executioner's axe (freeze)
rCold    + . .     Gourm    .   (shield currently unavailable)
rNeg     + + +     Faith    .   q - +10 crystal plate armour of Crawling {Regen+ Slay+2 SInv}
rPois    ∞         Spirit   +   M - +0 helmet
rElec    .         Reflect  .   T - +2 cloak
rCorr    +         Harm     .   W - +2 pair of gloves of Xero {rPois rF++ rCorr Stlth-}
MR       +++..                  X - +2 pair of boots {Fly}
Stlth    ..........             p - amulet of guardian spirit
Regen    0.9/turn               w - ring of wizardry
MPRegen  0.3/turn               y - ring of wizardry

@: flying
A: no food or potions, fire vulnerability, cold resistance 1, negative energy
resistance 3, torment resistance, unbreathing, in touch with death 1
}: 2/15 runes: decaying, gossamer
a: Stop Flying


You were on level 3 of the Crypt.
You were not hungry.

You visited 7 branches of the dungeon, and saw 38 of its levels.
You visited the Abyss 2 times.
You also visited: Trove, Sewer, Ice Cave and Desolation.

You collected 4304 gold pieces.
You spent 2512 gold pieces at shops.

Inventory:

Hand Weapons
 d - a +0 broad axe
 r - a +4 executioner's axe of freezing (weapon)
 A - a +1 war axe of flaming
 P - a +1 antimagic war axe
Armour
 c - the +1 storm dragon scales "Rueno" {rElec rPois}
   (You found it in the Desolation of Salt)

   It insulates you from electricity.
   It protects you from poison.
 q - the +10 crystal plate armour of Crawling (worn) {Regen+ Slay+2 SInv}
   (You found it in a treasure trove)

   It affects your accuracy and damage with ranged weapons and melee attacks
   (+2).
   It lets you see invisible.
   It increases your rate of regeneration.
 t - a +4 plate armour
 u - the +2 pair of boots "Zuhit" {Slay+3}
   (You found it in a treasure trove)

   It affects your accuracy and damage with ranged weapons and melee attacks
   (+3).
 x - the +10 crystal plate armour of the Desolation of Salt {rC+ Str+2}
   (You found it in a treasure trove)

   It affects your strength (+2).
   It protects you from cold.
 G - a +3 scale mail of magic resistance
 I - a +4 chain mail of positive energy
 J - a +2 shield of protection
 M - a +0 helmet (worn)
 S - a scarf of cloud immunity
 T - a +2 cloak (worn)
 W - the +2 pair of gloves of Xero (worn) {rPois rF++ rCorr Stlth-}
   (You found it in a treasure trove)

   It greatly protects you from fire.
   It protects you from poison.
   It protects you from acid and corrosion.
   It makes you less stealthy.
 X - a +2 pair of boots of flying (worn)
 Y - the +1 scale mail of Fashionability {rElec rCorr Int-5}
   (You found it on level 5 of the Lair of Beasts)

   It affects your intelligence (-5).
   It insulates you from electricity.
   It protects you from acid and corrosion.
Magical Staves
 Z - an uncursed staff of wizardry
Jewellery
 b - a +5 amulet of reflection
 e - the amulet of Famat {rElec Regen+ SInv}
   (You found it in the Desolation of Salt)

   [amulet of regeneration]

   It insulates you from electricity.
   It lets you see invisible.
   It increases your rate of regeneration.
 k - an uncursed ring of see invisible
 p - an amulet of guardian spirit (around neck)
 w - a ring of wizardry (left hand)
 y - a ring of wizardry (right hand)
 B - an uncursed ring of protection from fire
 F - a +1 ring of evasion
 H - an uncursed ring of resist corrosion
 K - the amulet "Mecheppim" {rElec rC+ Regen+, unknown}
   (You took it off a vampire knight on level 3 of the Crypt)

   [amulet of regeneration]

   It protects you from cold.
   It insulates you from electricity.
   It increases your rate of regeneration.
Wands
 j - a wand of enslavement (15/24)
 z - a wand of random effects (27/48)
 D - a wand of confusion (3/48)
 O - a wand of scattershot (5/9)
Scrolls
 a - 5 scrolls of recharging
 f - 5 scrolls of enchant armour
 g - 12 scrolls of identify
 i - 13 scrolls of remove curse
 m - 5 scrolls of enchant weapon
 n - 2 scrolls of fear
 o - 7 scrolls of fog
 v - 3 scrolls of blinking
 C - a scroll of magic mapping
 E - 4 scrolls of summoning
 V - 2 scrolls of teleportation
Books
 l - a book of Cantrips

   Spells                             Type                      Level
   a - Confusing Touch                Hexes                        1
   b - Animate Skeleton               Necromancy                   1
   c - Summon Small Mammal            Summoning                    1
   d - Apportation                    Translocation                1
Miscellaneous
 h - a box of beasts
 s - a lamp of fire


   Skills:
 + Level 17.5 Fighting
 + Level 22.3 Axes
   Level 3.1(15.5) Polearms
 + Level 12.6 Armour
 * Level 4.8 Dodging
 + Level 2.2 Stealth
 + Level 9.1 Shields
 + Level 15.4 Spellcasting
 + Level 5.0 Charms
 + Level 10.3 Necromancy
 + Level 11.3 Translocations
 + Level 6.0 Air Magic
 + Level 3.1 Evocations


You had 40 spell levels left.
You knew the following spells:

 Your Spells              Type           Power        Failure   Level  Hunger
a - Blink                 Tloc           N/A          1%          2    N/A
b - Magic Dart            Conj           ##..         65%         1    N/A
c - Call Imp              Summ           ##......     78%         2    N/A
d - Slow                  Hex            ##......     78%         2    N/A
e - Swiftness             Chrm/Air       ####....     16%         2    N/A
f - Animate Skeleton      Necr           N/A          1%          1    N/A
g - Pain                  Necr           ####         1%          1    N/A
h - Passwall              Tmut/Erth      ##........   78%         2    N/A

Dungeon Overview and Level Annotations

Branches:
Dungeon (15/15)            Temple (0/1) D:6            Lair (6/6) D:9
  Swamp (4/4) Lair:4       Spider (4/4) Lair:3        Slime (0/5) Lair:6
    Orc (2/2) D:11            Elf (0/3) Orc:2        Vaults (4/5) D:14
  Crypt (3/3) Vaults:2     Depths (0/5) D:15
   Tomb: Crypt:3

Altars:
Ashenzari
Elyvilon
Fedhas
Gozag
Kikubaaqudgha
Makhleb
Nemelex Xobeh
Okawaru
Trog
Uskayaw
Xom
Yredelemnul
Zin
The Shining One
Beogh
Jiyva

Shops:
D:5 (   D:8 ?   D:11 [(%   D:13 %   Orc:2 [(*:   Vaults:2 ?   Vaults:4 [

Annotations:
Swamp:1 Donald
Swamp:3 2 transporters
Swamp:4 Louise


Innate Abilities, Weirdness & Mutations

You do not eat or drink.
Your flesh is vulnerable to fire.
You are immune to poison.
Your flesh is cold resistant. (rC+)
You are immune to negative energy. (rN+++)
You are immune to unholy pain and torment.
You can survive without breathing.
You are in touch with the powers of death.


Message History

The curse skull is severely damaged.
You slash the skeletal warrior! You freeze the skeletal warrior.
You slice the shadow!! The shadow hits you.
The skeletal warrior hits you but does no damage.
Unknown command.
Unknown command.
You chop the curse skull into pieces!!! You freeze the curse skull.
You destroy the curse skull!
The necrophage disappears in a puff of smoke!
The spectral shadow dragon disappears in a puff of smoke!
The storm dragon simulacrum disappears in a puff of smoke!
The mummy disappears in a puff of smoke!
The wight disappears in a puff of smoke!
The shadow disappears in a puff of smoke!
The wight disappears in a puff of smoke!
You slash the skeletal warrior! You freeze the skeletal warrior.
The skeletal warrior completely misses you.
The ancient champion gestures at you while chanting.
The iron shot hits you!
You die...

#.........
..8......
.........
..8......./
#.........
#§8§§.....
#§z§z#'''#
#z).##...##
#@z##.....##
####.......###
#...8...8...#
#...........#.
+.....⌠.....'.
#........V..#.
#...8.).8...#
####.......######
...###'†'###V...##


You could see an ancient champion and 3 skeletal warriors.

Vanquished Creatures
  Xtahua (Vaults:4)
  A profane servitor (Crypt:3)
  Nikola (Spider:4)
  A bone dragon (Swamp:4)
  Arachne (Spider:2)
  Jorgrun (Vaults:3)
  A tentacled monstrosity (Abyss:4)
  Rupert (Lair:4)
  The ghost of Bazinga the Warrior, an adept MiBe of Trog (Spider:4)
  An acid blob (Lair:6)
  A sphinx (D:13)
  Frances (D:12)
  3 ancient champions
  Gastronok (D:12)
  A sphinx (shapeshifter) (D:11)
  The ghost of vatarom the Cruncher, an adept FoFi of Qazlal (Orc:2)
  Agnes (D:14)
  A tentacled starspawn (Abyss:4)
  A shadow dragon (D:11)
  Kirke (Spider:3)
  2 thorn hunters
  A storm dragon (D:8)
  4 tengu reavers
  3 revenants
  5 fire giants
  An orc warlord (Orc:2)
  2 deep elf sorcerers (Vaults:1)
  4 ghouls
  10 vault wardens
  7 curse skulls
  2 frost giants
  4 imperial myrmidons (Desolation)
  7 emperor scorpions
  8 very ugly things
  12 ironheart preservers
  3 ghost moths (Spider:4)
  A war gargoyle (Vaults:2)
  A reaper (Crypt:2)
  10 stone giants
  A deep elf demonologist (Vaults:4)
  3 dire elephants
  4 vampire knights
  2 deep elf annihilators (Vaults:4)
  Azrael (Orc:2)
  14 entropy weavers
  A halazid warlock (Desolation)
  7 spark wasps
  5 ettins
  A crystal guardian (Desolation)
  An eidolon (Crypt:2)
  18 jiangshi
  5 deep elf death magi
  10 ragged hierophants (Desolation)
  10 yaktaur captains
  8 fire dragons
  A quicksilver dragon zombie (D:15)
  Josephine (Swamp:1)
  5 vault guards
  A servant of whispers (Desolation)
  A great orb of eyes (Vaults:2)
  24 hydras
  14 peacekeepers (Desolation)
  3 rakshasas
  2 anacondas
  5 death knights
  6 ice dragons
  36 two-headed ogres
  A ghost crab (Swamp:2)
  10 centaur warriors
  3 catoblepae
  3 deep troll earth magi
  A deep troll shaman (Vaults:2)
  A two-headed ogre (shapeshifter) (Vaults:2)
  11 ogre magi
  An orc high priest (Orc:2)
  A queen ant (Lair:6)
  16 death yaks
  5 vampire magi
  3 thrashing horrors
  18 alligators
  2 tengu warriors (D:13)
  2 deep elf knights
  3 shadow wraiths (Crypt:3)
  A titan skeleton (Crypt:1)
  A fire crab (D:14)
  A storm dragon skeleton (Crypt:2)
  A wretched star (Abyss:2)
  25 skeletal warriors
  A ghost moth zombie (Crypt:2)
  An unseen horror (shapeshifter) (Vaults:3)
  16 deep trolls
  A spatial maelstrom (Abyss:4)
  A spriggan druid (Swamp:2)
  2 death drakes
  8 unseen horrors
  3 deep elf archers
  An anaconda zombie (Crypt:3)
  3 swamp dragons
  A harpy (shapeshifter) (Vaults:2)
  4 spectral hydras
  A glowing orange brain (Abyss:2)
  5 phantasmal warriors
  4 wizards (Vaults:3)
  5 flayed ghosts
  2 lindwurms (Lair:6)
  16 ironbrand convokers
  2 shambling mangroves
  3 necromancers
  A wolf spider zombie (D:14)
  37 ugly things
  Pikel (D:5)
  11 harpies
  30 orb spiders
  63 wolf spiders
  17 orc knights
  A mana viper (shapeshifter) (D:14)
  7 orc sorcerers
  5 oklob plants
  9 cyclopes
  10 deep elf magi
  5 manticores
  A fire giant zombie (Crypt:2)
  An iron dragon skeleton (Crypt:2)
  19 elephants
  A fire giant skeleton (D:15)
  3 guardian serpents (Desolation)
  A stone giant skeleton (Crypt:2)
  12 black mambas
  2 moths of wrath
  Joseph (D:7)
  A guardian serpent (shapeshifter) (Vaults:4)
  A smoke demon (Abyss:2)
  12 vault sentinels
  A molten gargoyle (Desolation)
  33 spiny frogs
  4 gargoyles
  10 torpor snails
  2 efreet
  45 yaktaurs
  18 komodo dragons
  A purple draconian zombie (Crypt:1)
  4 swamp worm zombies (Swamp:4)
  A grey draconian zombie (Crypt:2)
  A rime drake (shapeshifter) (D:14)
  16 starcursed masses (Abyss:4)
  A yaktaur (shapeshifter) (D:14)
  5 rime drakes
  19 demonic crawlers
  3 kobold demonologists
  13 freezing wraiths
  A sea snake skeleton (Crypt:2)
  2 ice devils
  A grey draconian skeleton (Crypt:1)
  5 hydra zombies (Swamp:4)
  2 tengu conjurers (D:13)
  A queen bee (shapeshifter) (Vaults:1)
  52 jumping spiders
  5 tyrant leeches
  An ancient zyme (Abyss:4)
  A meliai (shapeshifter) (D:7)
  6 meliai
  15 trolls
  Grinder (D:5)
  Prince Ribbit (D:7)
  A wind drake (shapeshifter) (Vaults:3)
  32 hornets
  53 saltlings (Desolation)
  4 polar bears
  51 slime creatures
  A dream sheep (shapeshifter) (Vaults:2)
  6 bog bodies
  52 dream sheep
  3 alligator zombies (Swamp:4)
  32 blink frogs
  5 raiju
  15 hippogriffs
  A spectral manticore (Crypt:3)
  2 spectral swamp dragons (Swamp:4)
  An ice dragon zombie (D:15)
  60 flying skulls
  118 redbacks
  3 vampires
  An alligator skeleton (Crypt:3)
  3 spriggans (Swamp:3)
  A shadow (Swamp:3)
  44 tarantellas
  A ynoxinul (Abyss:2)
  2 fire bats (shapeshifter)
  19 wraiths
  91 yaks
  11 wyverns
  4 hogs (Spider:2)
  3 fire elementals (Orc:1)
  5 basilisks
  A human (shapeshifter) (Vaults:2)
  A basilisk (shapeshifter) (Vaults:1)
  2 hungry ghosts (D:8)
  4 neqoxecs (Abyss:4)
  A steam dragon (D:11)
  20 vampire mosquitoes
  An emperor scorpion simulacrum (Crypt:3)
  A wind drake skeleton (Crypt:1)
  4 chaos spawn
  2 large abominations
  23 soldier ants
  8 wargs
  14 insubstantial wisps
  22 swamp worms
  5 acid dragons
  A deep troll zombie (Crypt:1)
  3 hell hounds
  26 water moccasins
  A hydra simulacrum (Crypt:2)
  5 swamp drakes
  A human skeleton (D:15)
  17 porcupines
  4 eyes of draining
  67 orc warriors
  10 sky beasts
  A hornet zombie (Crypt:1)
  9 ice beasts
  3 black bears
  A slave (D:3)
  2 swamp dragon zombies (Swamp:4)
  16 wolves
  32 ogres
  9 phantoms
  33 centaurs
  7 boggarts
  7 necrophages
  A dream sheep skeleton (Crypt:1)
  25 crocodiles
  A swamp dragon skeleton (Crypt:2)
  6 big kobolds
  Blork the orc (D:5)
  27 bullfrogs
  2 gnoll sergeants
  An octopode zombie (Crypt:2)
  A yaktaur skeleton (Crypt:1)
  2 wyvern skeletons
  2 wyvern zombies
  5 scorpions
  A deep troll simulacrum (Vaults:3)
  7 killer bees
  13 wights
  4 howler monkeys
  2 electric eels
  11 crimson imps
  7 centaur zombies
  5 bullfrog zombies
  14 hounds
  4 quasits
  44 orc wizards
  7 jellies
  42 orc priests
  4 bullfrog skeletons
  9 centaur skeletons
  2 spectral swamp drakes (Swamp:4)
  11 iguanas
  33 worker ants
  6 hell rats (Lair:6)
  A killer bee zombie (Crypt:1)
  A deep dwarf zombie (Crypt:2)
  An ogre zombie (Crypt:2)
  5 small abominations
  An acid dragon skeleton (Crypt:2)
  3 hound zombies (D:9)
  2 hound skeletons (D:9)
  2 howler monkey zombies
  24 gnolls
  23 adders
  6 river rats
  4 shadow imps
  An ufetubus (Abyss:4)
  2 oozes
  3 adder zombies
  An adder skeleton (D:5)
  6 worms
  2 dart slugs
  10 leopard geckos
  165 orcs
  11 bats
  5 giant cockroaches
  9 goblins
  4 hobgoblins
  18 jackals
  21 kobolds
  4 quokkas
  3 ball pythons (D:1)
  6 frilled lizards
  A giant cockroach zombie (D:6)
  A quokka zombie (D:7)
  25 rats
  4 bushes (Lair:2)
  2 crawling corpses (Vaults:1)
  8 fungi
  A pillar of salt (Vaults:2)
  11 plants
2698 creatures vanquished.

Vanquished Creatures (collateral kills)
  An imperial myrmidon (Desolation)
1 creature vanquished.

Vanquished Creatures (others)
  An ogre mage (Vaults:2)
  An alligator (Swamp:4)
  A phantasmal warrior (Swamp:4)
  2 jumping spiders
  A saltling (Desolation)
  A swamp drake (Swamp:4)
  A slave (D:4)
  2 phantoms (Swamp:4)
  2 boggarts (Vaults:2)
  A wight (D:15)
  A howler monkey (D:5)
  A worker ant (D:5)
  A bush (Lair:2)
  44 fungi
  4 pillars of salt (Vaults:2)
  47 plants
111 creatures vanquished.

Grand Total: 2810 creatures vanquished

Notes
Turn   | Place    | Note
-------+----------+-------------------------------------------
     0 | D:1      | equalderp2856 the Mummy Fighter began the quest for the Orb.
     0 | D:1      | Reached XP level 1. HP: 18/18 MP: 1/1
   472 | D:1      | Reached XP level 2. HP: 23/24 MP: 1/3
   532 | D:1      | Reached skill level 1 in Spellcasting
   900 | D:2      | Reached XP level 3. HP: 29/29 MP: 4/4
   952 | D:2      | Reached skill level 2 in Axes
  1220 | D:2      | Reached XP level 4. HP: 19/35 MP: 6/6
  2111 | D:2      | Found an iron altar of Okawaru.
  2214 | D:2      | Found a burning altar of Makhleb.
  2711 | D:3      | Reached XP level 5. HP: 30/41 MP: 8/8
  2948 | D:3      | Reached skill level 3 in Axes
  2958 | D:3      | Noticed a two-headed ogre
  3470 | D:4      | Found a glowing drain.
  3547 | Sewer    | Entered a sewer
  3565 | Sewer    | Reached XP level 6. HP: 21/48 MP: 10/10
  3990 | Sewer    | Found a white marble altar of Elyvilon.
  4918 | D:4      | Found a shimmering altar of Xom.
  4961 | D:5      | Entered Level 5 of the Dungeon
  4961 | D:5      | Noticed an ice beast
  4967 | D:5      | Reached skill level 4 in Axes
  4967 | D:5      | Reached XP level 7. HP: 53/53 MP: 12/12
  4971 | D:5      | Reached skill level 1 in Dodging
  4972 | D:5      | Found a hide-covered altar of Uskayaw.
  4976 | D:5      | Noticed Pikel
  5330 | D:5      | Killed Pikel
  5330 | D:5      | Reached skill level 5 in Axes
  5330 | D:5      | Reached XP level 8. HP: 47/60 MP: 8/15
  5355 | D:5      | Found Itruucasm's Weapon Shop.
  5422 | D:5      | Noticed Grinder
  5432 | D:5      | Paralysed by Grinder for 6 turns
  5443 | D:5      | Killed Grinder
  5443 | D:5      | Reached skill level 5 in Spellcasting
  5700 | D:5      | Found a blossoming altar of Fedhas.
  5850 | D:5      | Reached skill level 6 in Axes
  6004 | D:5      | Noticed Blork the orc
  6008 | D:5      | Killed Blork the orc
  6217 | D:6      | Found a staircase to the Ecumenical Temple.
  6315 | D:6      | Found a sparkling altar of Nemelex Xobeh.
  6499 | D:6      | Reached XP level 9. HP: 57/66 MP: 13/17
  6708 | D:6      | Found a glowing golden altar of the Shining One.
  6708 | D:6      | Found a glowing silver altar of Zin.
  6709 | D:6      | Found a white marble altar of Elyvilon.
  8023 | D:7      | Reached skill level 5 in Fighting
  8035 | D:7      | Reached skill level 7 in Axes
  8247 | D:7      | Found an ancient bone altar of Kikubaaqudgha.
  8434 | D:7      | Noticed Prince Ribbit
  8454 | D:7      | Killed Prince Ribbit
  8705 | D:7      | Reached skill level 5 in Armour
  9249 | D:8      | Noticed Joseph
  9529 | D:8      | Found Vomugg's Magic Scroll Emporium.
  9553 | D:8      | Bought a scroll of fear for 45 gold pieces
  9561 | D:8      | Bought a scroll of identify for 26 gold pieces
 10072 | D:8      | Reached XP level 10. HP: 74/74 MP: 20/20
 10205 | D:8      | Reached skill level 8 in Axes
 10976 | D:7      | Reached skill level 1 in Stealth
 11006 | D:7      | Reached skill level 5 in Shields
 11368 | D:8      | Found an opulent altar of Gozag.
 11368 | D:8      | Found a shattered altar of Ashenzari.
 11838 | D:7      | Killed Joseph
 12680 | D:9      | Reached skill level 9 in Axes
 12686 | D:9      | Found a sparkling altar of Nemelex Xobeh.
 12698 | D:9      | Noticed Gastronok
 13483 | D:9      | Learned a level 2 spell: Blink
 13587 | D:9      | Reached skill level 1 in Translocations
 13594 | D:9      | Learned a level 1 spell: Magic Dart
 13597 | D:9      | Learned a level 2 spell: Call Imp
 13600 | D:9      | Learned a level 2 spell: Slow
 14105 | D:9      | Found a staircase to the Lair.
 14115 | Lair:1   | Entered Level 1 of the Lair of Beasts
 14157 | Lair:1   | You fall through a shaft!
 14568 | Lair:2   | Reached XP level 11. HP: 61/81 MP: 18/22
 14738 | Lair:2   | Noticed a six-headed hydra
 15010 | Lair:1   | Found a white marble altar of Elyvilon.
 16842 | Lair:2   | Noticed an oklob plant
 19355 | D:10     | Entered Level 10 of the Dungeon
 19529 | D:10     | Found a portal to a secret trove of treasure.
 19548 | D:10     | Reached skill level 5 in Translocations
 20172 | D:10     | Noticed an unseen horror
 20179 | D:10     | Killed an unseen horror
 20513 | D:11     | Found a frozen archway.
 21065 | IceCv    | Entered an ice cave
 21497 | D:11     | Reached skill level 10 in Axes
 21680 | D:11     | Found Waptesol's Food Shoppe.
 21708 | D:11     | Found Gukus's Weapon Emporium.
 21708 | D:11     | Found a staircase to the Orcish Mines.
 21708 | D:11     | Found Ineb's Armour Emporium.
 22019 | D:11     | Noticed a seven-headed hydra
 22523 | D:11     | Noticed an orc knight
 22689 | D:11     | Killed an orc knight
 23376 | D:11     | Reached skill level 10 in Spellcasting
 23810 | D:11     | Bought a +0 helmet for 76 gold pieces
 23891 | D:11     | Reached XP level 12. HP: 80/87 MP: 24/26
 25231 | D:12     | Found a bloodstained altar of Trog.
 26396 | D:12     | Noticed a five-headed hydra
 26425 | D:12     | Noticed a six-headed hydra
 26991 | D:10     | Killed a six-headed hydra
 27989 | D:12     | Killed a five-headed hydra
 27989 | D:12     | Reached skill level 1 in Polearms
 28262 | D:12     | Noticed Frances
 28756 | D:12     | Killed Gastronok
 28756 | D:12     | Reached skill level 11 in Axes
 29475 | D:13     | Noticed an eight-headed hydra
 30930 | Lair:2   | Noticed a six-headed hydra
 31136 | Lair:2   | Gained mutation: You are in touch with the powers of death. [Mummy growth]
 31136 | Lair:2   | Reached XP level 13. HP: 71/94 MP: 24/28
 32904 | Lair:3   | Found a hole to the Spider Nest.
 35643 | Lair:4   | Found a staircase to the Swamp.
 35811 | Lair:4   | Reached skill level 12 in Axes
 35843 | Lair:4   | Noticed Rupert
 37616 | Lair:5   | Got a smelly scale mail
 37620 | Lair:5   | Identified the +1 scale mail of Fashionability {rElec rCorr Int-5} (You found it on level 5 of the Lair of Beasts)
 38571 | Lair:6   | Entered Level 6 of the Lair of Beasts
 39281 | Lair:6   | Reached XP level 14. HP: 100/103 MP: 28/30
 39334 | Lair:6   | Found a staircase to the Slime Pits.
 39335 | Lair:6   | Found a viscous altar of Jiyva.
 40720 | Lair:6   | Reached skill level 13 in Axes
 42027 | Lair:6   | Noticed an entropy weaver
 42539 | Lair:6   | Noticed an entropy weaver
 49275 | Lair:5   | Reached skill level 14 in Axes
 51540 | Lair:5   | Reached XP level 15. HP: 92/112 MP: 26/31
 51618 | Lair:5   | Learned a level 2 spell: Swiftness
 52729 | Orc:1    | Entered Level 1 of the Orcish Mines
 52828 | Orc:2    | Entered Level 2 of the Orcish Mines
 52928 | Orc:2    | Noticed Azrael
 55983 | D:13     | Found Olig Xof's Food Shoppe.
 58751 | D:14     | Found a gate to the Vaults.
 61197 | D:14     | Reached skill level 10 in Fighting
 62710 | D:14     | Reached skill level 15 in Axes
 63089 | D:14     | Reached XP level 16. HP: 111/123 MP: 30/32
 63494 | D:15     | Entered Level 15 of the Dungeon
 63497 | D:15     | Paralysed by an orc sorcerer for 7 turns
 64392 | D:15     | Found a staircase to the Depths.
 64568 | D:15     | Reached skill level 1 in Evocations
 65073 | D:15     | Noticed Agnes
 65934 | D:14     | Reached skill level 1 in Charms
 66207 | D:14     | Reached skill level 1 in Air Magic
 70331 | Orc:2    | Killed Azrael
 70384 | Orc:2    | Found Vaozyck's Gadget Shoppe.
 70398 | Orc:2    | Found a roughly hewn altar of Beogh.
 70493 | Orc:2    | Found a staircase to the Elven Halls.
 70497 | Orc:2    | Noticed vatarom's ghost (adept FoFi)
 71347 | Orc:2    | Found a roughly hewn altar of Beogh.
 71870 | Orc:2    | Found Egrom's Assorted Antiques.
 72580 | Orc:2    | Found a roughly hewn altar of Beogh.
 72730 | Orc:2    | Found Ucwiusso's Antique Armour Shop.
 72731 | Orc:2    | Found a roughly hewn altar of Beogh.
 72743 | Orc:2    | Found Sumesch's Antique Weapon Boutique.
 73466 | Orc:2    | Found a roughly hewn altar of Beogh.
 73485 | Orc:2    | Found Eminwong's Book Shop.
 73983 | D:5      | Bought the +7 Singing Sword for 1400 gold pieces
 74171 | D:10     | You paid a toll of the Singing Sword to enter a treasure trove
 74172 | Trove    | Entered a treasure trove
 74236 | Trove    | Got a bronze crystal plate armour
 74239 | Trove    | Got a transparent leather armour
 74241 | Trove    | Got a pair of brightly glowing boots
 74243 | Trove    | Got a heavily runed crystal plate armour
 74259 | Trove    | Got a pair of slimy boots
 74264 | Trove    | Got a fine scale mail
 74266 | Trove    | Got a pair of twisted gloves
 74412 | D:10     | Identified the +1 pair of boots of Usi Hybb {Dex+3} (You found it in a treasure trove)
 74423 | D:10     | Identified the +10 crystal plate armour of Crawling {Regen+ Slay+2 SInv} (You found it in a treasure trove)
 74426 | D:10     | Identified the +10 crystal plate armour of the Desolation of Salt {rC+ Str+2} (You found it in a treasure trove)
 74520 | D:10     | Identified the cursed +0 leather armour of Death Resistance {Dex+4 SInv} (You found it in a treasure trove)
 74533 | D:10     | Identified the +2 pair of boots "Zuhit" {Slay+3} (You found it in a treasure trove)
 74543 | D:10     | Identified the cursed +1 scale mail of the Evening Star {Int+2 Dex+7} (You found it in a treasure trove)
 74553 | D:10     | Identified the +2 pair of gloves of Xero {rPois rF++ rCorr Stlth-} (You found it in a treasure trove)
 84387 | Lair:1   | Reached skill level 10 in Armour
 91367 | Orc:2    | Killed vatarom's ghost
 91819 | Orc:2    | Bought a glowing scarf for 216 gold pieces
 91872 | Orc:2    | Bought a scroll of identify for 52 gold pieces
 91970 | Orc:2    | Bought an embroidered cloak for 202 gold pieces
 92204 | Orc:2    | Bought a book of Necromancy for 450 gold pieces
 92237 | Orc:2    | Learned a level 1 spell: Animate Skeleton
 92239 | Orc:2    | Learned a level 1 spell: Pain
114937 | Lair:3   | Reached XP level 17. HP: 130/130 MP: 33/33
130325 | Lair:4   | Killed Rupert
165314 | Lair:6   | Reached skill level 10 in Translocations
165595 | Lair:6   | Noticed an acid blob
165599 | Lair:6   | Killed an acid blob
176766 | Swamp:1  | Entered Level 1 of the Swamp
177808 | Swamp:1  | Noticed Josephine
177813 | Swamp:1  | Killed Josephine
178123 | Swamp:1  | Noticed Donald
178184 | Swamp:1  | Found an ancient bone altar of Kikubaaqudgha.
178884 | Swamp:1  | Reached skill level 16 in Axes
179807 | Swamp:3  | Found a transporter.
179857 | Swamp:3  | Reached XP level 18. HP: 68/136 MP: 16/34
180627 | Swamp:3  | Found a transporter.
180731 | Swamp:4  | Entered Level 4 of the Swamp
181042 | Swamp:4  | Noticed Louise
181206 | Swamp:4  | Reached skill level 17 in Axes
181564 | Swamp:4  | Noticed a bone dragon
181600 | Swamp:4  | Killed a bone dragon
181704 | Swamp:4  | Got a decaying rune of Zot
181919 | Swamp:1  | Learned a level 2 spell: Passwall
181951 | Swamp:1  | Cast into level 2 of the Abyss (Donald)
181951 | Abyss:2  | Found a corrupted altar of Lugonu.
182048 | Abyss:2  | Paralysed by a chaos spawn for 6 turns
182109 | Abyss:2  | Found a corrupted altar of Lugonu.
182213 | Swamp:1  | Escaped the Abyss
182454 | Spider:1 | Entered Level 1 of the Spider Nest
183455 | Spider:1 | Reached skill level 18 in Axes
185154 | Spider:3 | Noticed Kirke
185355 | Spider:3 | Noticed Arachne
185896 | D:14     | Killed Agnes
186005 | Vaults:1 | Entered Level 1 of the Vaults
186165 | Vaults:1 | Reached XP level 19. HP: 78/144 MP: 19/35
187147 | Vaults:1 | Cast into level 4 of the Abyss (a deep elf sorcerer)
187155 | Abyss:4  | Noticed a lich
187293 | Abyss:4  | Paralysed by accursed screaming for 1 turns
187534 | Abyss:4  | Reached skill level 19 in Axes
187656 | Vaults:1 | Escaped the Abyss
188307 | Vaults:2 | Found a flickering gateway to a bazaar.
188317 | Vaults:2 | Found a ruined gateway.
188337 | Desolati | Entered the Desolation of Salt
189424 | Desolati | Reached XP level 20. HP: 79/155 MP: 22/36
190345 | Desolati | Got fine storm dragon scales
190358 | Desolati | Identified the +1 storm dragon scales "Rueno" {rElec rPois} (You found it in the Desolation of Salt)
190420 | Desolati | Got a scorched jade ring
190431 | Desolati | Got an obsidian-encrusted leather armour
190485 | Desolati | Got a smoking great sword {freeze}
190489 | Desolati | Got an ichor-stained dagger
190603 | Desolati | Got a steaming garnet amulet
190604 | Desolati | Identified the amulet of Famat {rElec Regen+ SInv} (You found it in the Desolation of Salt)
191010 | Desolati | Got a scintillating silver ring
191142 | Desolati | Identified the +6 dagger "Setoj" {freeze, +Fly MR+ Dex+4} (You found it in the Desolation of Salt)
191146 | Desolati | Identified the +6 great sword of the Snake Pit {freeze, rElec rC+ MP-9 Stlth+} (You took it off an imperial myrmidon in the Desolation of Salt)
191155 | Desolati | Got a faintly glowing falchion
191156 | Desolati | Identified the +1 falchion "Widowmaker" {distort, rElec Dex+4} (You found it in the Desolation of Salt)
191386 | Desolati | Identified the ring "Bejyserr" {+Blink rPois rC+ Str-4 Dex+2} (You found it in the Desolation of Salt)
191480 | Desolati | Got a clouded amber ring
191484 | Desolati | Identified the ring "Jeimuv" {rN+ Str+2} (You took it off an imperial myrmidon in the Desolation of Salt)
191855 | Vaults:2 | Reached skill level 20 in Axes
192229 | Vaults:2 | Found Gahyrayl's Magic Scroll Emporium.
192455 | Vaults:2 | Bought a scroll of teleportation for 45 gold pieces
193643 | Vaults:2 | Found a staircase to the Crypt.
193643 | Vaults:2 | Found a basalt altar of Yredelemnul.
193652 | Vaults:2 | Found an ancient bone altar of Kikubaaqudgha.
194156 | Vaults:3 | Noticed Jorgrun
194227 | Vaults:3 | Killed Jorgrun
196404 | Vaults:2 | Reached XP level 21. HP: 56/166 MP: 13/37
197137 | Vaults:4 | Noticed Xtahua
197243 | Vaults:4 | Killed Xtahua
197251 | Vaults:4 | Reached skill level 21 in Axes
197400 | Vaults:4 | Reached skill level 15 in Fighting
197722 | Vaults:4 | Found Jimmecw's Armour Shoppe.
199846 | Lair:1   | Identified the +1 leather armour of the Slorg {Int+2} (You found it in the Desolation of Salt)
221919 | Spider:2 | Killed Arachne
222308 | Spider:3 | Killed Kirke
222522 | Spider:4 | Entered Level 4 of the Spider Nest
222619 | Spider:4 | Noticed Bazinga's ghost (adept MiBe)
222900 | Spider:4 | Killed Bazinga's ghost
223244 | Spider:4 | Noticed Nikola
223262 | Spider:4 | Killed Nikola
223553 | Spider:4 | Reached XP level 22. HP: 167/178 MP: 34/38
224575 | Spider:4 | Got a gossamer rune of Zot
257214 | Spider:1 | Reached skill level 5 in Air Magic
300336 | Spider:2 | Reached skill level 5 in Charms
367861 | D:12     | Killed Frances
391850 | D:12     | Reached XP level 23. HP: 185/188 MP: 39/41
425913 | D:8      | Reached skill level 15 in Spellcasting
467565 | D:7      | Reached skill level 1 in Necromancy
530110 | Crypt:1  | Entered Level 1 of the Crypt
530351 | Crypt:1  | Reached skill level 5 in Necromancy
533114 | Crypt:3  | Entered Level 3 of the Crypt
533122 | Crypt:3  | Reached skill level 10 in Necromancy
533238 | Crypt:3  | Reached skill level 22 in Axes
533592 | Crypt:3  | Found a basalt altar of Yredelemnul.
534560 | Crypt:3  | Got a crude garnet amulet
534609 | Crypt:3  | Reached XP level 24. HP: 195/195 MP: 42/42
534845 | Crypt:3  | Killed from afar by an ancient champion

Skill      XL: |  1  2  3  4  5  6  7  8  9 10 11 12 13 14 15 16 17 18 19 20 21 22 23 |
---------------+----------------------------------------------------------------------+-----
Spellcasting   | 1 2 3 4 5 7 10 11 12 14 15 | 15.4
Axes           | 2 3 4 5 6 7 9 10 11 12 14 15 16 18 19 20 21 22 | 22.3
Armour         | 3 4 5 6 7 8 9 10 11 12 | 12.6
Shields        | 3 4 5 6 7 8 9 |  9.1
Dodging        | 1 2 3 4 |  4.8
Fighting       | 4 5 6 7 8 10 11 12 14 16 17 | 17.5
Stealth        | 1 2 |  2.2
Translocations | 2 6 7 8 11 | 11.3
Polearms       | 1 2 3 |  3.1
Evocations     | 3 |  3.1
Charms         | 4 5 |  5.0
Air Magic      | 3 6 |  6.0
Necromancy     | 10 | 10.3

Action                   |  1- 3 |  4- 6 |  7- 9 | 10-12 | 13-15 | 16-18 | 19-21 | 22-24 || total
-------------------------+-------+-------+-------+-------+-------+-------+-------+-------++-------
Melee: War axe           |   180 |   317 |   398 |  1151 |  2539 |  1510 |       |       ||  6095
       Trident           |       |       |       |   148 |   153 |    98 |       |       ||   399
       Executioner's axe |       |       |       |       |       |  1295 |  1859 |  2166 ||  5320
       Dagger            |       |       |       |       |       |       |     6 |       ||     6
 Cast: Blink             |       |       |       |    30 |    31 |    60 |     9 |     6 ||   136
       Swiftness         |       |       |       |       |       |     2 |       |       ||     2
Evoke: Wand              |       |       |       |    20 |    28 |    14 |       |     3 ||    65
       Box of beasts     |       |       |       |       |       |     2 |       |       ||     2
       Lamp of fire      |       |       |       |       |       |     1 |     1 |       ||     2
  Use: Scroll            |       |       |     1 |    15 |    15 |    20 |     7 |     3 ||    61
 Stab: Paralysed         |       |       |       |     3 |     9 |     2 |       |       ||    14
       Petrifying        |       |       |       |       |     1 |       |       |       ||     1
Armor: Scale mail        |    90 |   131 |   127 |   138 |       |       |    15 |       ||   501
       Plate armour      |       |       |       |   875 |  1495 |   524 |       |       ||  2894
       Crystal plate arm |       |       |       |       |       |  3221 |  2356 |  2961 ||  8538
Dodge: Dodged            |    62 |    88 |   126 |   386 |   512 |   649 |   483 |   604 ||  2910
Block: Shield            |   118 |   164 |   209 |   954 |  1430 |   854 |       |       ||  3729
